 Dungeon Crawl Stone Soup version 0.32-a0-995-gb4a59205af (webtiles) character file.

Game seed: 328600054719318150

10096 jasper the Fighter (level 11, -19/86 HPs)
             Began as a Demonspawn Hexslinger on Apr 22, 2024.
             Was a Follower of Vehumet.
             Demolished by a komodo dragon (24 damage)
             ... on level 1 of the Lair of Beasts.
             The game lasted 00:19:05 (12245 turns).

jasper the Fighter (Demonspawn Hexslinger)         Turns: 12245, Time: 00:19:05

Health: -19/86     AC:  7    Str:  9    XL:     11   Next: 31%
Magic:  18/18      EV: 11    Int: 21    God:    Vehumet [*.....]
Gold:   1616       SH:  5    Dex: 16    Spells: 5/20 levels left

rFire   . . .        a - +9 sling (drain)
rCold   . . .        Q - +0 buckler
rNeg    . . .        V - +0 troll leather armour
rPois   +            (helmet unavailable)
rElec   .            (no cloak)
rCorr   .            g - +0 pair of gloves
SInv    +            o - +2 pair of boots
Will    .....        k - amulet of magic regeneration
Stlth   +            m - ring of wizardry
HPRegen 1.14/turn    L - ring of poison resistance
MPRegen 0.56/turn

%: wizardry (x1)
@: weak-willed
A: antennae 3, demonic guardian 1, powered by death 1, big brain 2
a: Renounce Religion


You were on level 1 of the Lair of Beasts.
You worshipped Vehumet.
Vehumet was aware of your devotion.
You visited 3 branches of the dungeon, and saw 13 of its levels.
You also visited: Sewer, Ossuary and Bailey.

You collected 1996 gold pieces.
You spent 380 gold pieces at shops.

Inventory:

Hand Weapons
 a - a +9 sling of draining (weapon)
Missiles
 R - 2 throwing nets
Armour
 c - a +0 robe
 d - an orb of guile
 g - a +0 pair of gloves (worn)
 o - a +2 pair of boots (worn)
 Q - a +0 buckler (worn)
 T - +0 steam dragon scales
 V - a +0 troll leather armour (worn)
Jewellery
 k - an amulet of magic regeneration (around neck)
 m - a ring of wizardry (left hand)
 t - a ring of flight
 J - an amulet of the acrobat
 L - a ring of poison resistance (right hand)
 N - a ring of magical power
 P - a +6 ring of strength
Wands
 u - a wand of mindburst (16)
 y - a wand of warping (13)
 H - a wand of digging (8)
 K - a wand of polymorph (17)
 O - a wand of acid (3)
 S - a wand of paralysis (7)
Scrolls
 b - 2 scrolls of poison
 j - 3 scrolls of amnesia
 l - 7 scrolls of teleportation
 n - 3 scrolls of fog
 r - 5 scrolls of blinking
 B - a scroll of brand weapon
 D - 2 scrolls of revelation
 F - 3 scrolls of enchant armour
 I - 2 scrolls of summoning
 M - a scroll of vulnerability
Potions
 e - 3 potions of heal wounds
 f - 5 potions of brilliance
 h - 5 potions of might
 i - 7 potions of curing
 p - 3 potions of invisibility {unknown}
 q - 2 potions of resistance {unknown}
 s - 3 potions of ambrosia {unknown}
 v - 2 potions of degeneration {unknown}
 w - 5 potions of enlightenment {unknown}
 x - a potion of berserk rage {unknown}
 z - a potion of experience {unknown}
 A - a potion of magic {unknown}
 C - 4 potions of haste {unknown}
 E - a potion of attraction {unknown}
 G - a potion of lignification {unknown}
 U - 2 potions of mutation {unknown}


   Skills:
 + Level 8.1 Fighting
 - Level 1.7 Ranged Weapons
 - Level 4.5 Dodging
 - Level 5.0 Shields
 - Level 5.0 Spellcasting
 * Level 6.7 Conjurations
 - Level 3.0 Hexes
 - Level 0.8 Fire Magic
 - Level 6.0 Ice Magic
 - Level 6.0 Air Magic
 - Level 6.0 Alchemy


You had 5 spell levels left.
You knew the following spells:

 Your Spells              Type           Power      Damage    Failure   Level
a - Jinxbite              Hex            34%        N/A       4%          2
b - Sting                 Conj/Alch      100%       1d9       1%          1
c - Olgreb's Toxic Radia  Alch           30%        N/A       8%          4
d - Mephitic Cloud        Conj/Alch/Air  31%        N/A       1%          3
e - Freezing Cloud        Conj/Ice/Air   15%        6-21      19%         5

Your spell library contained the following spells:

 Spells                   Type           Power      Damage    Failure   Level
 Freeze                   Ice            100%       1d10      1%          1
 Magic Dart               Conj           100%       1d8       1%          1
 Mercury Vapours          Alch/Air       60%        N/A       1%          2
 Slow                     Hex            68%        N/A       2%          1
 Confusing Touch          Hex            17%        N/A       8%          3
 Sigil of Binding         Hex            17%        N/A       8%          3
 Tukima's Dance           Hex            17%        N/A       8%          3
 Inner Flame              Hex/Fire       13%        N/A       12%         3
 Blink                    Tloc           10%        N/A       13%         2
 Call Imp                 Summ           10%        N/A       13%         2
 Iskenderun's Battlesphe  Conj           33%        2d9       16%         5
 Brom's Barrelling Bould  Conj/Erth      19%        2d4       22%         4
 Iskenderun's Mystic Bla Conj/Tloc 19%            2d6        (+2d2     22%         4
 Maxwell's Portable Pile  Tloc           5%         2d(5-15)  26%         3
 Vampiric Draining        Necr           5%         2d6       26%         3
 Cause Fear               Hex            8%         N/A       26%         4
 Dimensional Bullseye     Hex/Tloc       5%         N/A       41%         4
 Fireball                 Conj/Fire      10%        3d6       45%         5
 Animate Dead             Necr           5%         N/A       61%         4
 Borgnjor's Vile Clutch   Necr/Erth      2%         N/A       91%         5
 Conjure Ball Lightning   Conj/Air       16%        3x3d6     65%         6
 Orb of Destruction       Conj           16%        9d7       98%         7
 Death Channel            Necr           2%         N/A       100%        6
 Magnavolt                Erth/Air       8%         3d11      100%        7
 Maxwell's Capacitive Co  Air            15%        ∞         100%        8


Dungeon Overview and Level Annotations

Branches:
Dungeon (11/15)            Temple (1/1) D:7            Lair (1/5) D:8
  Sewer (visited)         Ossuary (visited)          Bailey (visited)
    Orc: D:9-12

Altars:
Ashenzari
Cheibriados
Dithmenos
Fedhas
Gozag
Kikubaaqudgha
Makhleb
Nemelex Xobeh
Okawaru
Qazlal
Ru
Sif Muna
Trog
Uskayaw
Vehumet
Wu Jian
Xom
Yredelemnul

Shops:
D:3 !   D:5 ?

Portals:
Trove: D:11 (give 11 potions of heal wounds)

Annotations:
D:10 2 transporters, exclusion: oklob plant, DasBelly's ghost, journeyman DrCj


Innate Abilities, Weirdness & Mutations

You have a pair of large antennae on your head. (SInv)
A weak demonic guardian rushes to your aid.
You regenerate a little health from kills.
You have an extremely huge brain. (Int +4)


Message History

Vehumet accepts your kill. You block the black mamba's attack.
Health restored: 86 You shoot a sling bullet.
The sling bullet hits the black mamba!
The black mamba is almost dead.
The black mamba barely misses you. x2; The black mamba closely misses you.
You shoot a sling bullet.
The sling bullet hits the black mamba but does no damage.
You drain the black mamba.
The black mamba is almost dead.
The jinxing sprites lose interest in you.
The black mamba closely misses you. The black mamba barely misses you.
You shoot a sling bullet. The sling bullet hits the black mamba!
You kill the black mamba!
Vehumet accepts your kill.
Training target 6.0 for Ice Magic reached!
Your Ice Magic skill increases to level 6!
You start waiting.
The sentinel's mark upon you fades away.
Casting: Jinxbite (safe; 4% risk of failure)
Confirm with . or Enter, or press ? or * to list all spells.
Okay, then.
You climb downwards.
Welcome back to the Lair of Beasts!
The blink frog blinks!
The cane toad stings you. The blink frog hits you! The komodo dragon bites you!
The cane toad stings you! The yak gores you!
A demonic guardian appears!
A yak comes into view.
The cane toad stings you. You block the blink frog's attack.
The komodo dragon bites you!
* * * LOW HITPOINT WARNING * * *
You block the cane toad's attack.
There is a staircase back to the Dungeon, spattered with blood here.
You take 61 damage, and have 25/86 hp.
MASSIVE DAMAGE!!
The cane toad closely misses you. The blink frog hits you.
* * * LOW HITPOINT WARNING * * *
The blink frog blinks!
The yak gores you!
* * * LOW HITPOINT WARNING * * *
The cane toad stings you!
* * * LOW HITPOINT WARNING * * *
The komodo dragon bites you!!
You die...

##............
#.............
#...~........(
##..~~~F~~~....
#..~~~≈≈≈≈~~.#
#~~≈~~~~≈≈~~#
#.≈≈~FYF≈≈≈.#
#~~≈~5@~≈~~~#
#.~≈~§FlSY~.Y.
#.~F≈≈≈≈~~Y.#.
#..~≈≈≈≈≈≈~~...
#..~~~~≈~~~....
#.##.~~~~~.#...
F #######.....
#^...


You could see a komodo dragon (very poisoned), a black mamba, 4 yaks, 3 cane
toads, 3 blink frogs and a friendly quasit (summoned).

Vanquished Creatures
  An orc knight (Bailey)
  A cyclops (D:11)
  A black mamba (D:8)
  2 hornets
  A troll (D:11)
  Prince Ribbit (D:5)
  A vampire (D:11)
  2 shadows
  5 yaks (D:10)
  5 wyverns
  2 basilisks
  Grum (D:10)
  A steam dragon (D:9)
  3 acid dragons
  Menkaure (D:7)
  4 water moccasins
  12 orc warriors
  2 wolves (D:10)
  3 ogres
  2 centaurs
  3 kobold brigands
  8 bullfrogs
  3 gnoll sergeants
  3 scorpions
  8 wights
  5 killer bees (D:9)
  2 howler monkeys
  A bombardier beetle (D:3)
  3 hounds (D:6)
  6 orc priests
  3 iguanas
  A jelly (D:5)
  8 orc wizards
  6 mummies (Ossuary)
  18 gnolls
  17 adders
  A river rat (D:4)
  A shadow imp (D:5)
  A white imp (D:6)
  12 dart slugs
  A ribbon worm (D:4)
  56 orcs
  6 bats
  6 endoplasms
  12 giant cockroaches
  2 gnoll zombies (Ossuary)
  6 goblins
  5 hobgoblins
  11 jackals
  7 kobolds
  5 quokkas
  11 ball pythons
  12 frilled lizards
  A hobgoblin zombie (Ossuary)
  2 kobold zombies (Ossuary)
  3 orc zombies (Ossuary)
  9 rats
316 creatures vanquished.

Vanquished Creatures (collateral kills)
  A yak (D:10)
  2 mummies (Ossuary)
3 creatures vanquished.

Grand Total: 319 creatures vanquished

Notes
Turn   | Place    | Note
-------+----------+-------------------------------------------
     0 | D:1      | jasper the Demonspawn Hexslinger began the quest for the
                  | Orb.
     0 | D:1      | Reached XP level 1. HP: 15/15 MP: 2/2
   150 | D:1      | Reached skill level 2 in Fighting
   226 | D:1      | Gained mutation: You have a pair of small antennae on your
                  | head. [demonic ancestry]
   226 | D:1      | Reached XP level 2. HP: 5/22 MP: 3/3
   230 | D:1      | Learned a level 2 spell: Jinxbite
   834 | D:1      | Reached skill level 3 in Fighting
   834 | D:1      | Reached XP level 3. HP: 29/29 MP: 1/4
  1079 | D:2      | Gained mutation: You have a pair of antennae on your head.
                  | [demonic ancestry]
  1079 | D:2      | Reached XP level 4. HP: 23/37 MP: 1/5
  1151 | D:2      | Learned a level 1 spell: Sting
  1187 | D:2      | Reached skill level 4 in Fighting
  1273 | D:2      | Found a faded altar of an unknown god.
  1350 | D:2      | Reached skill level 1 in Alchemy
  2146 | D:3      | Found Koeffoxt's Distillery.
  2162 | D:3      | Bought a potion of curing for 36 gold pieces
  2162 | D:3      | Bought a potion of curing for 36 gold pieces
  2169 | D:3      | Found a burning altar of Makhleb.
  2316 | D:3      | Found an iron altar of Okawaru.
  2627 | D:3      | Gained mutation: You regenerate a little health from kills.
                  | [demonic ancestry]
  2627 | D:3      | Reached XP level 5. HP: 34/42 MP: 4/6
  2832 | D:3      | Found a snail-covered altar of Cheibriados.
  3398 | D:3      | Identified a scroll of acquirement
  3398 | D:3      | Acquired 953 gold pieces
  3428 | D:4      | Noticed an ogre
  3439 | D:3      | Killed an ogre
  3440 | D:3      | Gained mutation: You have an unusually large brain. (Int
                  | +2) [demonic ancestry]
  3440 | D:3      | Reached XP level 6. HP: 49/49 MP: 6/8
  3473 | D:4      | Learned a level 4 spell: Olgreb's Toxic Radiance
  3663 | D:4      | Found a glowing drain.
  3675 | Sewer    | Entered a sewer
  3826 | Sewer    | Reached skill level 5 in Fighting
  3898 | Sewer    | Gained mutation: You have an extremely huge brain. (Int +4)
                  | [demonic ancestry]
  3898 | Sewer    | Reached XP level 7. HP: 53/56 MP: 6/10
  3920 | Sewer    | Learned a level 3 spell: Mephitic Cloud
  4443 | D:5      | Entered Level 5 of the Dungeon
  4451 | D:5      | Reached skill level 5 in Alchemy
  4479 | D:5      | Found Joqen's Magic Scroll Emporium.
  4487 | D:5      | Bought a scroll of blinking for 105 gold pieces
  4487 | D:5      | Bought a scroll of blinking for 105 gold pieces
  4487 | D:5      | Bought a scroll of teleportation for 42 gold pieces
  4487 | D:5      | Bought a scroll of poison for 56 gold pieces
  4871 | D:5      | Noticed Prince Ribbit
  4886 | D:5      | Killed Prince Ribbit
  4887 | D:5      | Gained mutation: A weak demonic guardian rushes to your
                  | aid. [demonic ancestry]
  4887 | D:5      | Reached XP level 8. HP: 9/64 MP: 6/13
  5399 | D:6      | Reached skill level 6 in Fighting
  6075 | D:6      | Found a blossoming altar of Fedhas.
  6082 | D:6      | Learned a level 5 spell: Freezing Cloud
  6088 | D:6      | Found a stormy altar of Qazlal.
  6624 | D:7      | Found a sand-covered staircase.
  6630 | Ossuary  | Entered an ossuary
  6645 | Ossuary  | Reached skill level 5 in Spellcasting
  6886 | Ossuary  | Reached skill level 1 in Conjurations
  7012 | D:7      | Reached skill level 1 in Ice Magic
  7012 | D:7      | Reached skill level 1 in Air Magic
  7058 | D:7      | Noticed Menkaure
  7063 | D:7      | Killed Menkaure
  7073 | D:7      | Found a flagged portal.
  7082 | Bailey   | Entered a bailey
  7138 | Bailey   | Gained mutation: You have a pair of large antennae on your
                  | head. (SInv) [demonic ancestry]
  7138 | Bailey   | Reached XP level 9. HP: 71/71 MP: 14/16
  7286 | Bailey   | Noticed an orc knight
  7315 | Bailey   | Killed an orc knight
  7316 | Bailey   | Reached skill level 7 in Fighting
  7895 | D:7      | Found a staircase to the Ecumenical Temple.
  8064 | Temple   | Entered the Ecumenical Temple
  8410 | D:8      | Reached XP level 10. HP: 36/79 MP: 12/17
  8557 | D:8      | Found a staircase to the Lair.
  8906 | D:8      | Reached skill level 5 in Conjurations
  9243 | D:8      | Reached skill level 5 in Ice Magic
  9243 | D:8      | Reached skill level 5 in Air Magic
  9458 | D:8      | Found a broken altar of Ashenzari.
  9682 | D:9      | Found a radiant altar of Vehumet.
  9716 | D:9      | Became a worshipper of Vehumet
  9762 | D:9      | Reached skill level 1 in Shields
  9963 | D:9      | Found a bloodstained altar of Trog.
 10467 | D:9      | Found a sacrificial altar of Ru.
 10540 | D:10     | Entered Level 10 of the Dungeon
 10548 | D:10     | Noticed Grum
 10560 | D:10     | Killed Grum
 10561 | D:10     | Reached skill level 5 in Shields
 10582 | D:10     | Reached * piety under Vehumet
 10582 | D:10     | Offered knowledge of Freeze by Vehumet.
 10816 | D:10     | Found a transporter.
 10822 | D:10     | Noticed DasBelly's ghost (journeyman DrCj)
 10828 | D:10     | Noticed an oklob plant
 10828 | D:10     | Noticed a white ugly thing
 10869 | D:10     | Found an opulent altar of Gozag.
 10878 | D:10     | Reached XP level 11. HP: 85/85 MP: 15/18
 10960 | D:10     | Found a transporter.
 11013 | D:10     | Found a basalt altar of Yredelemnul.
 11699 | D:11     | Reached skill level 8 in Fighting
 11794 | D:11     | Found a portal to a secret trove of treasure.
 12212 | Lair:1   | Entered Level 1 of the Lair of Beasts
 12245 | Lair:1   | Demolished by a komodo dragon

Illustrated notes

Levels and vault maps discovered:
D:1:      dpeg_arrival_rooms_a, layout_basic, minmay_hedge_maze,
          lemuel_flame_loot_1
D:2:      minmay_door_path, layout_loops_ring, ebering_ecumenical_altar_box,
          chequers_serial_rivers_large_a
D:3:      layout_basic, good_gods_mini_temple, mainiacjoe_overflow_paths,
          kennysheep_slug_shrine, bloody_makhleb, serial_shops,
          nicolae_shop_tiny_glass, minmay_surrounded
D:4:      layout_rooms, portal_sewer_entry_e, corexii_item_surrounded_by_moat
D:5:      layout_basic, serial_shops, shop, kennysheep_windowed_goal,
          uniq_prince_ribbit1
D:6:      layout_basic, grunt_temple_overflow_forces_of_nature
D:7:      layout_loops_ring, nzn_hepliaklqana_mist_gate, temple_hall,
          enter_bailey_8, nicolae_ossuary_entry_plus,
          kennysheep_generic_room_15, uniq_menkaure
D:8:      layout_basic, amcnicky_altar_gilded, erik_lair_dragon, minivault_26,
          corexii_checkpoint
D:9:      layout_basic, nicolae_overflow_hidden_temple,
          trog_three_pillars_becter, mainiacjoe_overflow_concentric_impassable,
          lemuel_flamethrower_2
D:10:     layout_gridville, mainiacjoe_overflow_six_doors_small,
          overflow_temple_1_default, nzn_ghost_randoct, uniq_grum
D:11:     layout_cave_pools, enter_trove_1, kennysheep_decorative_pillar
Temple:   nicolae_temple_bog_church
Lair:1:   layout_gridlike, hangedman_tree_tricks,
          chequers_serial_rivers_micro_a, lemuel_fruit_tree,
          infiniplex_staircase_pool_2

Skill      XL: |  1  2  3  4  5  6  7  8  9 10 11 |
---------------+----------------------------------+-----
Fighting       | 2 3 4 5 6 7 8 |  8.1
Alchemy        | 2 3 4 6 |  6.0
Spellcasting   | 2 3 5 |  5.0
Dodging        | 3 4 |  4.5
Conjurations   | 2 4 5 6 |  6.7
Ice Magic      | 1 4 5 6 |  6.0
Air Magic      | 1 4 5 6 |  6.0
Shields        | 5 |  5.0
Ranged Weapons | |  1.7
Hexes          | |  3.0
Fire Magic     | |  0.8

Action                     |  1- 3 |  4- 6 |  7- 9 | 10-12 || total
---------------------------+-------+-------+-------+-------++-------
   Fire: Sling             |    77 |   213 |   241 |   211 ||   742
   Cast: Jinxbite          |     5 |    37 |     6 |    12 ||    60
         Sting             |       |     8 |     6 |       ||    14
         Olgreb's Toxic Ra |       |     7 |    48 |    46 ||   101
         Mephitic Cloud    |       |       |     2 |     1 ||     3
         Freezing Cloud    |       |       |       |     1 ||     1
  Evoke: Wand              |       |       |     1 |       ||     1
    Use: Scroll            |     6 |     6 |    13 |     1 ||    26
         Potion            |       |       |     3 |       ||     3
 Armour: Robe              |    18 |    70 |    83 |    45 ||   216
         Steam dragon scal |       |       |       |    45 ||    45
         Troll leather arm |       |       |       |    26 ||    26
  Dodge: Dodged            |    19 |    86 |    77 |   127 ||   309
  Block: Buckler           |       |       |       |    29 ||    29

Table legend: (Time is in decaauts)
 A = Elapsed time spent in this place.
 B = Non-inter-level travel time spent in this place.
 C = Inter-level travel time spent in this place.
 D = Time resting spent in this place.
 E = Time spent auto-exploring this place.
 F = Levels seen in this place.
 G = Mean time per level.
                   A        B        C        D        E       F      G
               +--------+--------+--------+--------+--------+-----+--------+
         Total |  12589 |  12131 |    458 |     50 |   9918 |  16 |  786.8 |
       Dungeon |  11325 |  10868 |    457 |     41 |   9120 |  11 | 1029.5 |
        Temple |      1 |      1 |      0 |      0 |      0 |   1 |    1.0 |
          Lair |     21 |     21 |      0 |      9 |      0 |   1 |   21.0 |
         Sewer |    557 |    557 |      0 |      0 |    408 |   1 |  557.0 |
       Ossuary |    355 |    355 |      0 |      0 |    195 |   1 |  355.0 |
        Bailey |    329 |    329 |      0 |      0 |    194 |   1 |  329.0 |
               +--------+--------+--------+--------+--------+-----+--------+

Top non-repeatable levels by time:
     D:8: 1583 daAuts
     D:3: 1356 daAuts
     D:6: 1179 daAuts
     D:2: 1136 daAuts
     D:1: 1036 daAuts
     D:9: 970 daAuts
     D:5: 957 daAuts
     D:7: 936 daAuts
    D:11: 855 daAuts
    D:10: 758 daAuts
   Sewer: 557 daAuts
     D:4: 553 daAuts
 Ossuary: 355 daAuts
  Bailey: 329 daAuts
  Lair:1: 21 daAuts
